 Dungeon Crawl Stone Soup version 0.22-a0-406-g9ff8d77 (webtiles) character file.

28 dstrtnsr the Covered (level 2, 0/27 HPs)
             Began as a Deep Dwarf Fighter on May 8, 2018.
             Slain by Curus's ghost (4 damage)
             ... on level 3 of the Dungeon.
             The game lasted 00:00:33 (231 turns).

dstrtnsr the Covered (Deep Dwarf Fighter)            Turns: 231, Time: 00:00:34

Health: 0/27       AC:  6    Str: 19    XL:     2   Next: 96%
Magic:  2/2        EV:  7    Int:  8    God:
Gold:   10         SH:  9    Dex: 12    Spells: 1/1 levels left

rFire    . . .     SeeInvis .   a - +0 war axe
rCold    . . .     Gourm    .   c - +0 shield
rNeg     . . .     Faith    .   b - +0 scale mail
rPois    .         Spirit   .   (no helmet)
rElec    .         Reflect  .   (no cloak)
rCorr    .         Harm     .   (no gloves)
MR       .....                  (no boots)
Stlth    ..........             (no amulet)
HPRegen  0.00/turn              (no ring)
MPRegen  0.08/turn              (no ring)

@: non-regenerating
A: damage resistance, heal wounds, sense surroundings 1, no regeneration
a: Heal Wounds


You were on level 3 of the Dungeon.
You were not hungry.

You visited 1 branch of the dungeon, and saw 3 of its levels.

You collected 10 gold pieces.

Inventory:

Hand Weapons
 a - a +0 war axe (weapon)
Armour
 b - a +0 scale mail (worn)
 c - a +0 shield (worn)
Scrolls
 f - a scroll of enchant weapon {unknown}
 i - a scroll of identify {unknown}
 k - a scroll of teleportation {unknown}
Potions
 d - a potion of might
 g - 2 potions of magic {unknown}
 h - a potion of haste {unknown}
Comestibles
 e - 2 rations {!d}
 j - 4 chunks of flesh


   Skills:
 + Level 2.9 Fighting
 * Level 3.0 Axes
 + Level 3.6 Armour
 + Level 3.5 Shields


You had one spell level left.
You didn't know any spells.

Dungeon Overview and Level Annotations

Branches:
Dungeon (3/15)

Altars:
Trog

Annotations:
D:3 Curus's ghost, weakling MfTm


Innate Abilities, Weirdness & Mutations

You are resistant to damage.
You can heal yourself by infusing magical energy.
You passively map a small area around you.
You do not regenerate.


Message History

A jackal is nearby!
A jackal is nearby!
A jackal is nearby!
The jackal barks!
The jackal bites you but does no damage.
You see here a scroll labeled XAOGHONWYAMAS.
You closely miss the jackal.
The jackal bites you but does no damage.
The jackal bites you.
You hit the jackal.
The jackal is heavily wounded.
You block the jackal's attack. x2
Your shield and scale mail prevent you from hitting the jackal.
The jackal is heavily wounded.
You block the jackal's attack. x2
You closely miss the jackal.
The jackal is heavily wounded.
The jackal closely misses you. The jackal misses you.
You hit the jackal.
The jackal is severely wounded.
You block the jackal's attack. x2
You closely miss the jackal.
The jackal is severely wounded.
You block the jackal's attack. The jackal barely misses you.
You barely miss the jackal.
The jackal is severely wounded.
The jackal bites you.
The jackal bites you but does no damage.
You closely miss the jackal.
The jackal is severely wounded.
You block the jackal's attack. The jackal barely misses you.
You closely miss the jackal.
The jackal is severely wounded.
The jackal bites you but does no damage.
You slash the jackal!
You kill the jackal!
Your Axes skill increases to level 3!
No target in view!
No target in view!
No target in view!
No target in view!
No target in view!
No target in view!
No target in view!
No target in view!
No target in view!
No target in view!
No target in view!
There is a stone staircase leading down here.
k - a scroll labeled XAOGHONWYAMAS
There is a stone staircase leading down here.
You climb downwards.
There is a stone staircase leading up here.
There is a stone staircase leading up here.
An orc and a player ghost come into view.
The orc shouts!
Curus's ghost turns its malevolent gaze towards you.
There are monsters nearby!
There are monsters nearby!
Curus's ghost briefly looks inexplicably like a dragon.
An orc comes into view. It is wielding a whip.
There is a stone staircase leading up here.
You fail to use your ability.
You closely miss Curus's ghost.
Curus's ghost wails.
Curus's ghost hits you.
* * * LOW HITPOINT WARNING * * *
Curus's ghost closely misses you.
You are too injured to fight recklessly!
You are too injured to fight recklessly!
You are too injured to fight recklessly!
You are too injured to fight recklessly!
You are too injured to fight recklessly!
You are too injured to fight recklessly!
You are too injured to fight recklessly!
You are too injured to fight recklessly!
You are too injured to fight recklessly!
You are too injured to fight recklessly!
You are too injured to fight recklessly!
You are too injured to fight recklessly!
You are too injured to fight recklessly!
You are too injured to fight recklessly!
You are too injured to fight recklessly!
You are too injured to fight recklessly!
You are too injured to fight recklessly!
You are too injured to fight recklessly!
You are too injured to fight recklessly!
You are too injured to fight recklessly!
You are too injured to fight recklessly!
You are too injured to fight recklessly!
Unknown command.
You fail to use your ability.
You block Curus's ghost's attack.
You miss Curus's ghost.
The orc shouts!
Curus's ghost hits you.
* * * LOW HITPOINT WARNING * * *
You closely miss Curus's ghost. Curus's ghost hits you. x2
* * * LOW HITPOINT WARNING * * *
You barely miss Curus's ghost. Curus's ghost hits you.
You die...

, , * * , * *
### * , #.. ,
* ##.##* ****
*
####...#######
#............#
,
#.##..@#####.#
* ,*
#.##.###W## *
* * #......oo#
* ,
*#o##.##..#***
* * , o....,
*######.. , ,
* ## ** * ,* *
, , ,* , * ,


You could see Curus's ghost and 3 orcs.

Vanquished Creatures
  An adder (D:2)
  An ooze (D:2)
  A giant cockroach (D:2)
  A goblin (D:2)
  A hobgoblin (D:2)
  3 jackals (D:2)
  A ball python (D:2)
  3 kobolds
  2 rats
14 creatures vanquished.

Notes
Turn   | Place    | Note
-------+----------+-------------------------------------------
     0 | D:1      | dstrtnsr the Deep Dwarf Fighter began the quest for the Orb.
     0 | D:1      | Reached XP level 1. HP: 20/20 MP: 1/1
    74 | D:2      | Reached XP level 2. HP: 16/27 MP: 2/2
   146 | D:2      | Found a bloodstained altar of Trog.
   222 | D:3      | Noticed Curus's ghost (weakling MfTm)
   227 | D:3      | HP: 8/27 [Curus's ghost (3)]
   231 | D:3      | Slain by Curus's ghost

Vault maps used:
D:1:      tarquinn_simple_flora_water_a, corexii_hall_statues_l,
          kennysheep_flooded_box
D:2:      marbit_many_paths, first_ration, nrook_loot_triangle, minivault_23,
          kennysheep_generic_room_15
D:3:      nicolae_dithmenos_through_a_glass_darkly

Skill      XL: |  1  2 |
---------------+-------+-----
Axes           | 3 |  3.0
Fighting       | |  2.9
Armour         | |  3.6
Shields        | |  3.5

Action                   || total
-------------------------++-------
Melee: War axe           ||    37
Armor: Scale mail        ||    14
Dodge: Dodged            ||    10
Block: Shield            ||    19

Table legend:
 A = Spawn XP
 B = Non-spawn XP
 C = Spawn XP percentage of total XP
 D = Spawn monster count
 E = Non-spawn monster count
 F = Spawn count percentage of total count
 G = Total turns spent on level
                    A         B        C        D         E        F      G
               +---------+---------+-------+---------+---------+-------+---------
         Total |       0 |      40 |   0.0 |       0 |      14 |   0.0 |   231
               +---------+---------+-------+---------+---------+-------+---------
           D:1 |       0 |       2 |   0.0 |       0 |       2 |   0.0 |    65
           D:2 |       0 |      38 |   0.0 |       0 |      12 |   0.0 |   154
               +---------+---------+-------+---------+---------+-------+---------
